 Dungeon Crawl Stone Soup version 0.24.0-125-gc4c63601f3 (webtiles) character file.

Game seed: 12694175945397047179, levelgen mode: deterministic

1159 Johnny the Digger (level 7, -3/50 HPs)
             Began as a Demigod Earth Elementalist on Mar 4, 2020.
             Shot with an arrow by a centaur (11 damage)
             ... on level 5 of the Dungeon.
             The game lasted 00:06:56 (4773 turns).

Johnny the Digger (Demigod Earth Elementalist)      Turns: 4773, Time: 00:06:56

Health: -3/50      AC:  2    Str:  7    XL:     7   Next: 95%
Magic:  19/19      EV: 12    Int: 23    God:
Gold:   277        SH:  0    Dex: 19    Spells: 5/18 levels left

rFire    . . .     SeeInvis .   y - +2 long sword of Instinct {slice, Str-4 Dex+3}
rCold    . . .     Gourm    .   (no shield)
rNeg     . . .     Faith    .   c - +0 robe
rPois    .         Spirit   .   (no helmet)
rElec    .         Reflect  .   (no cloak)
rCorr    .         Harm     .   (no gloves)
MR       .....                  (no boots)
Stlth    ++........             s - amulet of magic regeneration
HPRegen  0.16/turn              (no ring)
MPRegen  0.41/turn              (no ring)

@: no status effects
A: high mp 1
a: no special abilities


You were on level 5 of the Dungeon.
You were near starving.

You visited 1 branch of the dungeon, and saw 7 of its levels.
You also visited: Ossuary.

You collected 277 gold pieces.

Inventory:

Hand Weapons
 i - a +0 dagger
 y - the +2 long sword of Instinct (weapon) {slice, Str-4 Dex+3}
   (You found it on level 4 of the Dungeon)

   It inflicts extra damage upon your enemies.
   It affects your strength (-4).
   It affects your dexterity (+3).
Missiles
 b - 50 stones (quivered)
Armour
 c - a +0 robe (worn)
Jewellery
 s - an amulet of magic regeneration (around neck)
Wands
 o - a wand of acid (7)
 r - a wand of random effects (17)
Scrolls
 a - 2 scrolls of immolation
 e - 4 scrolls of remove curse
 k - 3 scrolls of teleportation
 p - a scroll of magic mapping
 q - a scroll of enchant weapon
 t - 3 scrolls of amnesia
 v - a scroll of blinking
 x - a scroll of enchant armour
Potions
 f - 4 potions of curing
 g - 10 potions of degeneration
 h - 2 potions of mutation {unknown}
 j - 4 potions of flight {unknown}
 m - a potion of berserk rage {unknown}
 n - 2 potions of cancellation {unknown}
 u - 3 potions of lignification {unknown}
 z - a potion of brilliance {unknown}
 A - 3 potions of ambrosia {unknown}
Comestibles
 d - 5 rations


   Skills:
 - Level 1.7 Dodging
 - Level 1.7 Stealth
 + Level 6.0 Spellcasting
 - Level 0.8 Transmutations
 + Level 6.8 Earth Magic


You had 5 spell levels left.
You knew the following spells:

 Your Spells              Type           Power        Failure   Level  Hunger
a - Sandblast             Erth           #####.       1%          1    None
b - Stone Arrow           Conj/Erth      ###...       6%          3    #......
c - Lee's Rapid Deconstr  Erth           #####.....   14%         5    #####..
d - Petrify               Tmut/Erth      ###.....     17%         4    ###....

Your spell library contained the following spells:

 Spells                   Type           Power        Failure   Level  Hunger
 Passwall                 Tmut/Erth      ###.....     2%          2    None


Dungeon Overview and Level Annotations

Branches:
Dungeon (7/15)            Ossuary (visited)
 Temple: D:4-7


Innate Abilities, Weirdness & Mutations

You have an increased reservoir of magic. (+10% MP)


Message History

Unknown command.
You feel better. The centaur hits you.
* * * LOW HITPOINT WARNING * * *
Unknown command.
Unknown command.
Unknown command.
Press: ? - help, v - describe, . - travel, g - get item
Here: an orc, wielding a -1 war axe and wearing a +0 leather armour 10 gold pieces.
The floor.
Unknown command.
Evoke which item? (* to show all) (? for menu, Esc to quit)
Aiming: Corrosive Bolt
Press: ? - help, Shift-Dir - straight line, f - centaur
Aim: a centaur, wielding a +0 shortbow The bolt of acid hits the centaur!
The centaur is splashed with acid!
You kill the centaur!
Your Spellcasting skill increases to level 6!
The centaur shoots an arrow.
The arrow hits you!
You die...

..
..................##......
..#
...................###.....
..........#####....###.....
..........##...............
#........##...............
....... #............#..
....... #...............
.......##...............
.#.#.o.@....#+###.......
......).((..............
...#....................
....5...................
...#.#######.........###
....c #.........# ...#
##+######## ....


You could see a centaur, a shadow imp and an orc.

Vanquished Creatures
  Menkaure (D:4)
  An orc warrior (D:6)
  A sky beast (D:6)
  A necrophage (D:5)
  2 ogres (D:4)
  2 centaurs (D:5)
  A human zombie (Ossuary)
  2 hounds
  An orc wizard (D:6)
  2 worker ants
  A big kobold zombie (Ossuary)
  5 mummies (Ossuary)
  2 worker ant zombies
  4 adders
  4 gnolls (D:3)
  An adder skeleton (D:4)
  A worm (D:4)
  2 dart slugs
  5 leopard geckos
  6 orcs
  3 giant cockroaches
  A gnoll zombie (Ossuary)
  13 goblins
  7 hobgoblins
  13 jackals
  3 quokkas
  4 bats
  2 frilled lizards (D:1)
  2 hobgoblin zombies (Ossuary)
  2 kobolds
  A kobold zombie (Ossuary)
  2 orc zombies (Ossuary)
  4 rats
102 creatures vanquished.

Notes
Turn   | Place    | Note
-------+----------+-------------------------------------------
     0 | D:1      | Johnny the Demigod Earth Elementalist began the quest for
                  | the Orb.
     0 | D:1      | Reached XP level 1. HP: 14/14 MP: 5/5
   156 | D:1      | Reached XP level 2. HP: 20/20 MP: 5/7
  1536 | D:1      | Reached XP level 3. HP: 26/26 MP: 7/9
  1712 | D:2      | Found a shimmering altar of Xom.
  1753 | D:2      | Found a radiant altar of Vehumet.
  1819 | D:2      | Found a faded altar of an unknown god.
  2080 | D:2      | Found a hazy altar of Hepliaklqana.
  2367 | D:2      | Found an iron altar of Okawaru.
  2467 | D:3      | Reached XP level 4. HP: 25/33 MP: 1/11
  2581 | D:3      | Learned a level 3 spell: Stone Arrow
  3368 | D:4      | You fall into a shaft and drop 3 floors!
  3376 | D:6      | Noticed a sky beast
  3378 | D:6      | Noticed an orc warrior
  3386 | D:6      | Reached XP level 5. HP: 18/38 MP: 13/13
  3405 | D:6      | Killed a sky beast
  3424 | D:6      | Killed an orc warrior
  3424 | D:6      | Reached skill level 5 in Earth Magic
  3424 | D:6      | Reached XP level 6. HP: 12/45 MP: 15/15
  3461 | D:5      | Entered Level 5 of the Dungeon
  3469 | D:5      | HP: 1/45 [orc/+0 whip (4)]
  3494 | D:5      | HP: 2/45 [centaur/arrow (10)]
  3545 | D:5      | Found a blossoming altar of Fedhas.
  3559 | D:5      | Reached XP level 7. HP: 13/50 MP: 13/17
  3571 | D:5      | Found a shattered altar of Ashenzari.
  3778 | D:4      | Reached skill level 5 in Spellcasting
  3779 | D:4      | Noticed Menkaure
  3793 | D:4      | Killed Menkaure
  3985 | D:4      | Found a sand-covered staircase.
  4002 | Ossuary  | Entered an ossuary
  4353 | D:4      | Learned a level 5 spell: Lee's Rapid Deconstruction
  4358 | D:4      | Learned a level 4 spell: Petrify
  4637 | D:4      | Got a fine long sword
  4638 | D:4      | Identified the +2 long sword of Instinct {slice, Str-4
                  | Dex+3} (You found it on level 4 of the Dungeon)
  4771 | D:5      | HP: 1/50 [centaur (5)]
  4773 | D:5      | Shot with an arrow by a centaur

Levels and vault maps discovered:
D:1:      elethiomel_arrival_maze, layout_basic
D:2:      layout_loops_ring, okawaru_trees_1, marbit_many_paths,
          lemuel_doored_altar, lemuel_round_altar,
          chequers_ecumenical_altar_island, serial_bayou, serial_bayou_pond_c,
          serial_bayou_pond_c, serial_bayou_lagoon_a, serial_bayou_pond_d,
          minmay_goblin_kobold_house
D:3:      layout_basic, minmay_misc_feat_x
D:4:      layout_cave_pods, nicolae_ossuary_entry_false_entrances, uniq_menkaure
D:5:      layout_basic, lemuel_round_altar, minmay_temple_entry_glass,
          first_ration, ashenzari_altar_1
D:6:      layout_rooms, serial_bayou_crossing
D:7:      layout_basic, nicolae_dithmenos_shadow_blocks, serial_shops, shop,
          minmay_puff, uniq_duvessa

Skill      XL: |  1  2  3  4  5  6  7 |
---------------+----------------------+-----
Spellcasting   | 2 3 4 6 |  6.0
Earth Magic    | 3 4 5 6 |  6.8
Dodging        | |  1.7
Stealth        | |  1.7
Transmutations | |  0.8

Action                   |  1- 3 |  4- 6 |  7- 9 || total
-------------------------+-------+-------+-------++-------
Melee: Unarmed           |    53 |       |       ||    53
       Dagger            |   110 |    39 |    14 ||   163
 Cast: Sandblast         |    40 |    38 |    44 ||   122
       Stone Arrow       |       |     1 |    10 ||    11
Evoke: Wand              |       |    10 |     2 ||    12
  Use: Potion            |       |     2 |     1 ||     3
       Scroll            |       |       |    12 ||    12
 Stab: Sleeping          |     4 |       |     1 ||     5
  Eat: Chunk             |     5 |     4 |     2 ||    11
Armor: Robe              |    27 |    12 |    11 ||    50
Dodge: Dodged            |    94 |    33 |    18 ||   145
